 Dungeon Crawl Stone Soup version 0.17-a0-1-g1f4be75 (webtiles) character file.

103 Speissi the Skirmisher (level 4, -2/37 HPs)
             Began as a Demonspawn Abyssal Knight on Mar 7, 2015.
             Was a Believer of Lugonu.
             Killed by divine providence
             ... invoked by an orc priest
              (8 damage)
             ... on level 3 of the Dungeon.
             The game lasted 00:06:14 (2561 turns).

Speissi the Skirmisher (Demonspawn Abyssal Knight)  Turns: 2561, Time: 00:06:16

Health: -2/37      AC:  7    Str: 13    XL:     4   Next: 51%
Magic:  7/7        EV: 11    Int: 13    God:    Lugonu [**....]
Gold:   65         SH:  0    Dex: 13    Spells: 0 memorised, 3 levels left

rFire  + . .     SeeInvis .     a - +1 falchion
rCold  . . .     Clarity  .     b - +0 leather armour
rNeg   . . .     SustAb   .     (no shield)
rPois  .         Gourm    .     (no helmet)
rElec  .         Spirit   .     i - +0 cloak
rCorr  .         Warding  .     (no gloves)
rMut   .         Stasis   .     (no boots)
MR     .....                    (no amulet)
Stlth  +.........               (no ring)
                                d - +1 ring of protection

@: not resistant to hostile enchantments, very unstealthy
A: claws 1, slimy green scales 1, fire resistance 1
a: Depart the Abyss, Bend Space, Renounce Religion


You were on level 3 of the Dungeon.
You worshipped Lugonu.
Lugonu was pleased with you.
You were hungry.

You visited 1 branch of the dungeon, and saw 3 of its levels.
You visited the Abyss 1 time.

You collected 65 gold pieces.

Inventory:

Hand weapons
 a - a +1 falchion (weapon)
 m - a +1 short sword of protection
Armour
 b - a +0 leather armour (worn)
 i - a +0 cloak (worn)
Jewellery
 d - a +1 ring of protection (left claw)
Magical devices
 l - a wand of teleportation (4)
Scrolls
 g - a scroll of remove curse
 j - a scroll of recharging {unknown}
 k - a scroll of enchant armour {unknown}
 o - a scroll of enchant weapon {unknown}
Potions
 e - 3 potions of curing {unknown}
 f - a potion of heal wounds {unknown}
 h - a potion of ambrosia {unknown}
 n - a potion of invisibility {unknown}
Comestibles
 c - 2 bread rations
 p - a chunk of flesh


   Skills:
 + Level 3.7 Fighting
 + Level 2.4 Long Blades
 + Level 2.8 Armour
 - Level 1.1 Dodging
 + Level 3.4 Invocations


You had 3 spell levels left.
You didn't know any spells.

Dungeon Overview and Level Annotations

Branches:
Dungeon (3/15)

Altars:


Innate Abilities, Weirdness & Mutations

You have sharp fingernails.
You are partially covered in slimy green scales (AC +2).
Your flesh is heat resistant.


Message History

The orc hits you but does no damage.
The orc shouts!
You hit the orc.
You kill the orc!
Lugonu accepts your kill.
You can now bend space around yourself.
The orc priest's eyes start to glow.
The orc hits you but does no damage.
You feel sick.
You are no longer poisoned.
You are feeling hungry.
You hit the orc.
The orc is severely wounded.
The orc barely misses you.
You hit the orc but do no damage.
The orc is severely wounded.
The orc priest's eyes start to glow.
The orc hits you but does no damage.
The orc priest calls down the wrath of Beogh upon you.
Something smites you!
You die...

.. #..............#........
....##......#.o.##.g..().....
.....)....o....########...###
....##.....g(.## #..o..# ..
#....o.### #....o. #..o...#
..##.o# #......# ..## #?.
###...#g##### #.. ..
#######.....#oo@..# ... .
#...........#####..# ... .
#...........## .#
#.............. #
#...........#...
#..<.....#.##.. ############


You could see an orc priest, 2 orcs and a goblin.

Vanquished Creatures
  6 adders
  A giant mite (D:2)
  A worm (D:2)
  3 giant geckos (D:1)
  An orc (D:3)
  A ball python (D:2)
  2 bats
  A giant cockroach (D:2)
  3 hobgoblins
  A quokka (D:2)
  A giant newt (D:2)
  12 goblins
  6 kobolds
  3 rats
42 creatures vanquished.

Notes
Turn   | Place    | Note
--------------------------------------------------------------
     0 | Abyss:1  | Speissi, the Demonspawn Abyssal Knight, began the quest for the Orb.
     0 | Abyss:1  | Reached XP level 1. HP: 18/18 MP: 1/1
     8 | Abyss:1  | Found a corrupted altar of Lugonu.
    46 | Abyss:1  | Noticed a chaos spawn
    62 | Abyss:1  | Noticed a small abomination
    62 | Abyss:1  | Noticed a smoke demon
    63 | D:1      | Escaped the Abyss
   495 | D:1      | Gained mutation: You have sharp fingernails. [demonic ancestry]
   495 | D:1      | Reached XP level 2. HP: 24/24 MP: 2/2
   546 | D:1      | Acquired Lugonu's first power
  1160 | D:2      | Reached skill level 1 in Dodging
  1160 | D:2      | Gained mutation: Your flesh is heat resistant. [demonic ancestry]
  1160 | D:2      | Reached XP level 3. HP: 29/29 MP: 4/4
  1907 | D:2      | Gained mutation: You are partially covered in slimy green scales (AC +2). [demonic ancestry]
  1907 | D:2      | Reached XP level 4. HP: 17/36 MP: 7/7
  2557 | D:3      | Acquired Lugonu's second power
  2561 | D:3      | Killed from afar by an orc priest

Action                   |  1- 3 |  4- 6 || total
-------------------------+-------+-------++-------
Melee: Falchion          |   110 |    36 ||   146
Invok: Depart the Abyss  |     1 |       ||     1
  Use: Scroll            |     1 |       ||     1
  Eat: Chunk             |     3 |     2 ||     5
